 Dungeon Crawl Stone Soup version 0.30-a0-373-gd37427bb62 (webtiles) character file.

Game seed: 960196482925476526

175 Shayle the Trooper (level 5, -5/42 HPs)
             Began as a Demonspawn Reaver on Nov 23, 2022.
             Splashed by a jelly's acid (9 damage)
             ... on level 3 of the Dungeon.
             The game lasted 00:04:36 (2343 turns).

Shayle the Trooper (Demonspawn Reaver)              Turns: 2343, Time: 00:04:37

Health: -5/42      AC: -13   Str: 12    XL:     5   Next: 29%
Magic:  8/8        EV: 11    Int: 16    God:
Gold:   212        SH:  0    Dex: 12    Spells: 7/8 levels left

rFire   . . .      SeeInvis .    e - +0 battleaxe
rCold   . . .      Faith    .    (shield currently unavailable)
rNeg    . . .      Spirit   .    b - +0 leather armour
rPois   .          Reflect  .    (helmet restricted)
rElec   .          Harm     .    (no cloak)
rCorr   .          Rampage  .    (no gloves)
Will    .....                    (no boots)
Stlth   +.........               (no amulet)
HPRegen 0.27/turn                (no ring)
MPRegen 0.11/turn                (no ring)

@: confused, brilliant, ambrosia-drunk, corroded, attractive, hasted, very quick
A: antennae 1, demonic magic 1
a: no special abilities


You were on level 3 of the Dungeon.
You visited 1 branch of the dungeon, and saw 3 of its levels.

You collected 212 gold pieces.

Inventory:

Hand Weapons
 a - a +0 hand axe
 e - a +0 battleaxe (weapon)
Missiles
 n - 3 boomerangs of dispersal
Armour
 b - a +0 leather armour (worn)
Jewellery
 l - a ring of magical power
 s - a +6 ring of dexterity
Wands
 k - a wand of roots (9)
Scrolls
 c - 2 scrolls of fear {unknown}
 j - a scroll of blinking {unknown}
 o - a scroll of identify {unknown}
 p - a scroll of enchant armour {unknown}
 q - a scroll of immolation {unknown}
 r - a scroll of noise {unknown}
Potions
 d - a potion of curing {unknown}
 i - a potion of flight {unknown}
 m - a potion of attraction
 t - a potion of invisibility {unknown}


   Skills:
 + Level 4.1 Fighting
 - Level 2.6 Axes
 - Level 1.7 Dodging
 + Level 3.4 Stealth
 - Level 2.0 Spellcasting
 - Level 3.0 Conjurations


You had 7 spell levels left.
You knew the following spells:

 Your Spells              Type           Power      Damage    Failure   Level
a - Kiss of Death         Conj/Necr      36%        2d8       14%         1

Your spell library contained the following spells:

 Spells                   Type           Power      Damage    Failure   Level
 Momentum Strike          Conj/Tloc      18%        3d8       22%         2
 Hailstorm                Conj/Ice       9%         3d4       38%         3


Dungeon Overview and Level Annotations

Branches:
Dungeon (3/15)

Altars:


Innate Abilities, Weirdness & Mutations

You have a pair of small antennae on your head.
Spells you cast may paralyse adjacent enemies.


Message History

You feel attractive to monsters.
You feel sick. The jelly barely misses you.
It was a potion of brilliance.
You feel clever all of a sudden.
You feel sick.
You are no longer poisoned.
The jelly barely misses you.
You feel yourself speed up. The jelly hits you.
You are splashed with acid!
* * * LOW HITPOINT WARNING * * *
Unknown command.
The endoplasm closely misses you.
Found 4 gold pieces.
The endoplasm is attracted toward you. The jelly is attracted toward you.
The endoplasm is attracted toward you. The jelly is attracted toward you.
The endoplasm is attracted toward you.
You see here 4 gold pieces.
The jelly is attracted toward you. The endoplasm is attracted toward you.
It was a potion of ambrosia.
You are confused.
You feel invigorated. The jelly closely misses you.
You bump into the rock wall.
Unknown command.
You slash the jelly! The acid corrodes you!
Your hands burn!
* * * LOW HITPOINT WARNING * * *
The jelly is almost dead.
The jelly closely misses you.
Unknown command.
You hit the jelly but do no damage. The acid corrodes you!
Your hands burn!
* * * LOW HITPOINT WARNING * * *
The jelly is almost dead.
The jelly hits you.
You are splashed with acid!
* * * LOW HITPOINT WARNING * * *
Unknown command.
You hit the jelly but do no damage. The acid corrodes you!
Your hands burn!
* * * LOW HITPOINT WARNING * * *
The jelly is almost dead.
The jelly hits you.
* * * LOW HITPOINT WARNING * * *
You are splashed with acid!
You die...

J...... .......# .
.......##. ..
........##. §..#
.o......##. .....####
#..........##.
#......###.............
#@##.....J^.##....
#J##..##.#........
#J##..##.#..##....
#.##..##.#..##.#..
#.##..##$#..##.###
#..§§.)#.#..##.#
###.§#.#.#..##.#
#............###
#.....).[.#####.


You could see a jelly and an endoplasm.

Vanquished Creatures
  An ice beast (D:3)
  An orc wizard (D:3)
  2 adders
  A dart slug (D:1)
  4 orcs (D:3)
  2 ball pythons (D:3)
  An endoplasm (D:2)
  3 goblins
  5 hobgoblins
  3 jackals (D:1)
  A quokka (D:3)
  A bat (D:1)
  7 frilled lizards
  8 kobolds
  3 rats
43 creatures vanquished.

Vanquished Creatures (others)
  5 plants (D:1)
5 creatures vanquished.

Grand Total: 48 creatures vanquished

Notes
Turn   | Place    | Note
-------+----------+-------------------------------------------
     0 | D:1      | Shayle the Demonspawn Reaver began the quest for the Orb.
     0 | D:1      | Reached XP level 1. HP: 16/16 MP: 3/3
   121 | D:1      | Reached skill level 1 in Stealth
   125 | D:1      | Gained mutation: You have a pair of small antennae on your
                  | head. [demonic ancestry]
   125 | D:1      | Reached XP level 2. HP: 17/23 MP: 5/5
  1271 | D:2      | Reached skill level 3 in Fighting
  1271 | D:2      | Reached XP level 3. HP: 18/29 MP: 6/6
  2177 | D:3      | Noticed an ice beast
  2204 | D:3      | Gained mutation: Spells you cast may paralyse adjacent
                  | enemies. [demonic ancestry]
  2204 | D:3      | Reached XP level 4. HP: 35/35 MP: 7/7
  2210 | D:3      | Killed an ice beast
  2211 | D:3      | Reached skill level 4 in Fighting
  2211 | D:3      | Reached XP level 5. HP: 42/42 MP: 8/8
  2343 | D:3      | Splashed by a jelly's acid

Illustrated notes

Levels and vault maps discovered:
D:1:      nzn_arrival_crosshair, layout_loops_ring, minmay_misc_feat_room,
          minmay_lizard_king
D:2:      layout_basic, chequers_serial_rivers_micro_e, serial_park_tiny_2,
          minivault_25
D:3:      layout_loops_ring, nicolae_qazlal_scattered_showers

Skill      XL: |  1  2  3  4 |
---------------+-------------+-----
Stealth        | 1 2 3 |  3.4
Fighting       | 3 4 |  4.1
Axes           | |  2.6
Dodging        | |  1.7
Spellcasting   | |  2.0
Conjurations   | |  3.0

Action                   |  1- 3 |  4- 6 || total
-------------------------+-------+-------++-------
Melee: Hand axe          |    16 |       ||    16
       Battleaxe         |   179 |    25 ||   204
Evoke: Wand              |       |     1 ||     1
  Use: Potion            |     3 |     4 ||     7
 Stab: Sleeping          |     1 |       ||     1
Armor: Leather armour    |    68 |     8 ||    76
Dodge: Dodged            |   149 |    18 ||   167

Table legend: (Time is in decaauts)
 A = Elapsed time spent in this place.
 B = Non-inter-level travel time spent in this place.
 C = Inter-level travel time spent in this place.
 D = Time resting spent in this place.
 E = Time spent auto-exploring this place.
 F = Levels seen in this place.
 G = Mean time per level.
                   A        B        C        D        E       F      G
               +--------+--------+--------+--------+--------+-----+--------+
         Total |   2441 |   2425 |     16 |    177 |   1592 |   3 |  813.7 |
       Dungeon |   2441 |   2425 |     16 |    177 |   1592 |   3 |  813.7 |
               +--------+--------+--------+--------+--------+-----+--------+

Top non-repeatable levels by time:
     D:2: 1183 daAuts
     D:1: 908 daAuts
     D:3: 348 daAuts
